 Dungeon Crawl Stone Soup version 0.20-a0-1124-g2e29d97 (webtiles) character file.

403 mopl the Stinger (level 6, 0/49 HPs)
             Began as a Naga Venom Mage on May 16, 2017.
             Killed by nerve-wracking pain
             ... invoked by Menkaure
              (14 damage)
             ... on level 4 of the Dungeon.
             The game lasted 00:06:21 (3670 turns).

mopl the Stinger (Naga Venom Mage)                  Turns: 3670, Time: 00:06:21

Health: 0/49       AC:  3    Str: 11    XL:     6   Next: 86%
Magic:  2/10       EV: 10    Int: 16    God:
Gold:   138        SH:  0    Dex: 12    Spells: 1/11 levels left

rFire    . . .     SeeInvis +   e - +0 dagger
rCold    . . .     Gourm    .   (no shield)
rNeg     . . .     Faith    .   a - +0 robe
rPois    +         Spirit   .   (no helmet)
rElec    .         Reflect  .   (no cloak)
rCorr    .         Harm     .   (no gloves)
MR       .....                  (no barding)
Stlth    ++........             (no amulet)
Regen    0.2/turn               (no ring)
MPRegen  0.2/turn               (no ring)

@: very slightly contaminated, very slow
A: see invisible, deformed body, poison resistance, slowness 2, slow metabolism
1, spit poison 1, AC +2
a: Spit Poison


You were on level 4 of the Dungeon.
You were not hungry.

You visited 1 branch of the dungeon, and saw 4 of its levels.

You collected 138 gold pieces.

Inventory:

Hand Weapons
 e - a +0 dagger (weapon)
Missiles
 n - 6 tomahawks (quivered)
Armour
 a - a +0 robe (worn)
 p - a +0 buckler
Scrolls
 d - a scroll of amnesia {unknown}
 j - 3 scrolls of immolation {unknown}
 k - a scroll of recharging {unknown}
 o - 2 scrolls of identify {unknown}
 q - a scroll of magic mapping {unknown}
Potions
 f - a potion of agility {unknown}
 l - a potion of heal wounds
 s - a potion of degeneration {unknown}
 t - a potion of curing {unknown}
 u - a potion of brilliance {unknown}
Books
 b - a Young Poisoner's Handbook

   Spells                             Type                      Level
   a - Sting                          Conjuration/Poison           1
   b - Poisonous Vapours              Poison/Air                   2
   c - Mephitic Cloud                 Conjuration/Poison/Air       3
   d - Olgreb's Toxic Radiance        Poison                       4
   e - Venom Bolt                     Conjuration/Poison           5
 r - a book of Cantrips

   Spells                             Type                      Level
   a - Confusing Touch                Hexes                        1
   b - Animate Skeleton               Necromancy                   1
   c - Summon Small Mammal            Summoning                    1
   d - Apportation                    Translocation                1
Comestibles
 c - 5 bread rations
 g - 2 fruits
 h - a royal jelly
 i - 2 meat rations
 m - 5 chunks of flesh


   Skills:
 - Level 1.5 Dodging
 - Level 3.0 Stealth
 + Level 3.2 Spellcasting
 * Level 3.9 Conjurations
 + Level 2.2 Air Magic
 * Level 6.5 Poison Magic


You had one spell level left.
You knew the following spells:

 Your Spells              Type           Power        Failure   Level  Hunger
a - Sting                 Conj/Pois      ###.         2%          1    None
b - Olgreb's Toxic Radia  Pois           ###.....     12%         4    ####...
c - Poisonous Vapours     Pois/Air       ###...       4%          2    ##.....
d - Mephitic Cloud        Conj/Pois/Air  ###.....     10%         3    ###....


Dungeon Overview and Level Annotations

Branches:
Dungeon (4/15)
 Temple: D:4-7

Altars:

Annotations:
D:3 DEFE's ghost, amateur DECK
D:4 Menkaure


Innate Abilities, Weirdness & Mutations

You cannot wear boots.
Your serpentine skin is tough. (AC +2)
You have supernaturally acute eyesight. (SInv)
Armour fits poorly on your strangely shaped body.
Your system is resistant to poisons. (rPois)
You cover ground very slowly.
You have a slow metabolism.
You can spit poison.


Message History

Unknown command.
Menkaure rustles, "Let me perform the rites..."
The ogre barely misses you.
You kill the ogre!
Okay, then.
Okay, then.
You aren't carrying any items that you can evoke.
It was a potion of heal wounds.
You feel much better.
You hit Menkaure.
Menkaure is lightly damaged.
Menkaure misses you. Menkaure hits you!!
* * * LOW HITPOINT WARNING * * *
You barely miss Menkaure.
Menkaure is lightly damaged.
Menkaure closely misses you.
You hit Menkaure.
Menkaure is moderately damaged.
Menkaure points at you and mumbles some strange words.
Pain shoots through your body!
You die...

##### #.... #####
#..... ##.)M##
#.....#####.###@##
.........#[## ##.##
..(.......## ##.##
..........# #..#
##....###.## ##..#
#....####.## ##.#.###
#... #.....###......#
#.##
#........##....#######
...
#........#...........


You could see Menkaure.

Vanquished Creatures
  An ogre (D:4)
  2 orc priests (D:3)
  4 orc wizards (D:3)
  5 adders
  An ooze (D:1)
  2 worms
  A dart slug (D:1)
  3 leopard geckos
  13 orcs
  A ball python (D:3)
  2 giant cockroaches
  6 hobgoblins
  4 jackals (D:2)
  9 kobolds
  11 bats
  6 frilled lizards
  5 goblins
  7 rats
83 creatures vanquished.

Notes
Turn   | Place    | Note
-------+----------+-------------------------------------------
     0 | D:1      | mopl the Naga Venom Mage began the quest for the Orb.
     0 | D:1      | Reached XP level 1. HP: 15/15 MP: 3/3
     2 | D:1      | Noticed a gargoyle
     4 | D:1      | Noticed a dwarf
     4 | D:1      | Noticed an elf
     7 | D:1      | Noticed a spriggan
     7 | D:1      | Noticed an octopode
     9 | D:1      | Noticed a merfolk
    11 | D:1      | Noticed a demonspawn
    13 | D:1      | Noticed a vine stalker
    13 | D:1      | Noticed a demigod
    15 | D:1      | Noticed a troll
    15 | D:1      | Noticed a felid
    17 | D:1      | Noticed a halfling
    17 | D:1      | Noticed a formicid
    20 | D:1      | Noticed a minotaur
    20 | D:1      | Noticed a draconian
    22 | D:1      | Noticed a human
    22 | D:1      | Noticed a vampire
    24 | D:1      | Noticed a tengu
    24 | D:1      | Noticed an ogre
    26 | D:1      | Noticed a naga
    28 | D:1      | Noticed a centaur
    28 | D:1      | Noticed a ghoul
   452 | D:1      | Reached XP level 2. HP: 18/22 MP: 5/5
   456 | D:1      | Learned a level 2 spell: Poisonous Vapours
  1059 | D:1      | Reached XP level 3. HP: 22/28 MP: 6/6
  1064 | D:1      | Learned a level 3 spell: Mephitic Cloud
  1212 | D:2      | Reached skill level 2 in Conjurations
  1294 | D:2      | Reached skill level 5 in Poison Magic
  1591 | D:2      | Reached XP level 4. HP: 31/36 MP: 1/7
  2101 | D:2      | Reached skill level 1 in Air Magic
  2314 | D:3      | Reached XP level 5. HP: 31/42 MP: 1/8
  2437 | D:3      | Noticed DEFE's ghost (amateur DECK)
  2471 | D:3      | Reached skill level 3 in Conjurations
  2831 | D:3      | Reached skill level 6 in Poison Magic
  2831 | D:3      | Reached XP level 6. HP: 38/49 MP: 3/10
  3081 | D:3      | Learned a level 4 spell: Olgreb's Toxic Radiance
  3088 | D:3      | Reached skill level 3 in Spellcasting
  3088 | D:3      | Reached skill level 2 in Air Magic
  3650 | D:4      | Noticed Menkaure
  3670 | D:4      | Killed from afar by Menkaure

Vault maps used:
D:1:      kb_arrival_jail
D:3:      minmay_fountain_box, grunt_ministairs_9, minmay_bisected
D:4:      first_bread, uniq_menkaure, uniq_robin

Skill      XL: |  1  2  3  4  5  6 |
---------------+-------------------+-----
Conjurations   | 2 3 |  3.9
Poison Magic   | 5 6 |  6.5
Air Magic      | 1 2 |  2.2
Spellcasting   | 3 |  3.2
Dodging        | |  1.5
Stealth        | |  3.0

Action                   |  1- 3 |  4- 6 || total
-------------------------+-------+-------++-------
Melee: Dagger            |    71 |    98 ||   169
       Unarmed           |     1 |       ||     1
 Cast: Sting             |    13 |     2 ||    15
       Poisonous Vapours |    17 |    38 ||    55
       Olgreb's Toxic Ra |       |     4 ||     4
  Use: Potion            |       |     1 ||     1
 Stab: Sleeping          |     2 |     5 ||     7
  Eat: Chunk             |     2 |     9 ||    11
Armor: Robe              |    13 |    28 ||    41
Dodge: Dodged            |    48 |    58 ||   106
